 Dungeon Crawl Stone Soup version 0.29.1-13-g9f3cf754e1 (webtiles) character file.

Game seed: 3333421386225051888

15 Ayven the Caller (level 2, -3/15 HPs)
             Began as a Deep Elf Summoner on Feb 10, 2023.
             Slain by a hobgoblin (5 damage)
             ... on level 1 of the Dungeon.
             The game lasted 00:03:20 (678 turns).

Ayven the Caller (Deep Elf Summoner)                 Turns: 678, Time: 00:03:21

Health: -3/15      AC:  2    Str:  5    XL:     2   Next: 34%
Magic:  8/8        EV: 12    Int: 19    God:
Gold:   8          SH:  0    Dex: 15    Spells: 6/7 levels left

rFire   . . .      SeeInvis .   (no weapon)
rCold   . . .      Faith    .   e - orb {*Rage}
rNeg    . . .      Spirit   .   a - +0 robe
rPois   .          Reflect  .   (no helmet)
rElec   .          Harm     .   (no cloak)
rCorr   .          Rampage  .   (no gloves)
Will    .....      Rage     20% (no boots)
Stlth   ++........              (no amulet)
HPRegen 0.05/turn               (no ring)
MPRegen 0.11/turn               (no ring)

@: no status effects
A: no striking features
a: no special abilities


You were on level 1 of the Dungeon.
You visited 1 branch of the dungeon, and saw 1 of its levels.

You collected 8 gold pieces.

Inventory:

Armour
 a - a +0 robe (worn)
 e - an orb of wrath (worn)
Scrolls
 g - a scroll of silence {unknown}
 h - a scroll of identify {unknown}
 i - a scroll of immolation {unknown}
 j - a scroll of noise {unknown}
Potions
 b - a potion of magic
 c - a potion of curing {unknown}
 d - 2 potions of degeneration {unknown}
 f - a potion of heal wounds {unknown}


   Skills:
 + Level 2.4 Dodging
 + Level 2.4 Stealth
 + Level 3.1 Spellcasting
 + Level 5.0 Summonings


You had 6 spell levels left.
You knew the following spells:

 Your Spells              Type           Power      Damage    Failure   Level
a - Summon Small Mammal   Summ           88%        N/A       1%          1

Your spell library contained the following spells:

 Spells                   Type           Power      Damage    Failure   Level
 Call Imp                 Summ           22%        N/A       2%          2
 Call Canine Familiar     Summ           22%        N/A       5%          3
 Summon Guardian Golem    Hex/Summ       12%        N/A       16%         3
 Summon Lightning Spire   Summ/Air       12%        N/A       47%         4


Dungeon Overview and Level Annotations

Branches:
Dungeon (1/15)

Altars:


Message History

The stone hits your quokka but does no damage.
Your quokka barely misses the hobgoblin.
The hobgoblin misses your quokka.
Your quokka closely misses the hobgoblin.
The hobgoblin hits your quokka.
Your quokka misses the hobgoblin.
The hobgoblin completely misses your quokka.
Your quokka disappears in a puff of smoke!
The hobgoblin misses your quokka.
Your quokka bites the hobgoblin.
The hobgoblin dies!
Your quokka disappears in a puff of smoke!
i - a scroll labelled ONURIB VOVIPN
Found 7 stones.
j - a scroll labelled VEUWNO FOOSA You see here 7 stones.
A hobgoblin comes into view.
The hobgoblin shouts!
The hobgoblin attacks as you move away! The hobgoblin closely misses you.
Your quokka barely misses the hobgoblin.
The hobgoblin attacks as you move away! The hobgoblin closely misses you.
The hobgoblin attacks as you move away! The hobgoblin closely misses you.
Your quokka barely misses the hobgoblin.
The hobgoblin hits you. The hobgoblin attacks as you move away!
The hobgoblin barely misses you.
Your quokka closely misses the hobgoblin.
The hobgoblin hits you.
Your rat barely misses the hobgoblin.
The hobgoblin attacks as you move away! The hobgoblin closely misses you.
Your quokka barely misses the hobgoblin.
Your quokka closely misses the hobgoblin.
The hobgoblin attacks as you move away! The hobgoblin completely misses you.
The hobgoblin closely misses you.
Your rat closely misses the hobgoblin.
The hobgoblin attacks as you move away! The hobgoblin hits you.
* * * LOW HITPOINT WARNING * * *
The hobgoblin attacks as you move away! The hobgoblin hits you.
* * * LOW HITPOINT WARNING * * *
The hobgoblin attacks as you move away! The hobgoblin misses you.
You see here 7 stones.
The hobgoblin attacks as you move away! The hobgoblin hits you.
You die...

######...........#...#
......####...........#
...........#####.#.#...
.####.#..#.#...#.#.# ..
#..#r#.....#.#####
#.####..#.###.#........
....#.......#.###.#.#.#####
...######.##.#............
#.....
.........@gr.#.#...#.####.
...K.# #....####.####.#...#.#
#. .....#
#....#.......#.#.#.#.# #.
.....# g.. #....##.#.#.#.#.#
#. ....># #'#.......
#.#.#.#.# #. .....#
#.###########(#.....# #.
.....####.....gr..r...###.###
#.
.....'...........†......).#
#.
.....######################
#.


You could see a hobgoblin (ally target) and a friendly rat (summoned).

Vanquished Creatures
  A rat (D:1)
1 creature vanquished.

Vanquished Creatures (collateral kills)
  A bat (D:1)
  2 giant cockroaches (D:1)
  A goblin (D:1)
  A hobgoblin (D:1)
  4 jackals (D:1)
  A kobold (D:1)
  A ball python (D:1)
11 creatures vanquished.

Grand Total: 12 creatures vanquished

Notes
Turn   | Place    | Note
-------+----------+-------------------------------------------
     0 | D:1      | Ayven the Deep Elf Summoner began the quest for the Orb.
     0 | D:1      | Reached XP level 1. HP: 10/10 MP: 6/6
   477 | D:1      | Reached XP level 2. HP: 15/15 MP: 4/8
   526 | D:1      | Reached skill level 5 in Summonings
   678 | D:1      | Slain by a hobgoblin

Illustrated notes

Levels and vault maps discovered:
D:1:      wheals_arrival_shading, layout_basic

Skill      XL: |  1  2 |
---------------+-------+-----
Summonings     | 5 |  5.0
Dodging        | |  2.4
Stealth        | |  2.4
Spellcasting   | |  3.1

Action                   || total
-------------------------++-------
Melee: Unarmed           ||     5
       Punch             ||     1
 Cast: Summon Small Mamm ||    30
Armor: Robe              ||     3
Dodge: Dodged            ||    17
